 Dungeon Crawl Stone Soup version 0.22.1-1-ga44c0e5 (webtiles) character file.

86 dvd the Cudgeler (level 4, -1/29 HPs)
             Began as a Gargoyle Monk on Oct 17, 2018.
             Slain by Crazy Yiuf
             ... wielding a +4 quarterstaff of chaos
              (2 damage)
             ... on level 2 of the Dungeon.
             The game lasted 00:03:19 (1327 turns).

dvd the Cudgeler (Gargoyle Monk)                    Turns: 1327, Time: 00:03:20

Health: -1/29      AC: 10    Str: 15    XL:     4   Next: 49%
Magic:  0/4        EV: 11    Int: 11    God:
Gold:   133        SH:  0    Dex: 12    Spells: 3/3 levels left

rFire    . . .     SeeInvis .   a - +0 mace
rCold    . . .     Gourm    .   (no shield)
rNeg     + . .     Faith    .   s - +0 ring mail
rPois    ∞         Spirit   +   (no helmet)
rElec    +         Reflect  .   k - +1 cloak {rPois}
rCorr    .         Harm     .   (no gloves)
MR       .....                  (no boots)
Stlth    +.........             q - amulet of guardian spirit
HPRegen  0.09/turn              (no ring)
MPRegen  0.09/turn              (no ring)

@: no status effects
A: negative energy resistance 1, electricity resistance, unbreathing,
petrification resistance, rot immunity, AC +3
a: no special abilities


You were on level 2 of the Dungeon.
You were not hungry.

You visited 1 branch of the dungeon, and saw 2 of its levels.

You collected 133 gold pieces.

Inventory:

Hand Weapons
 a - a +0 mace (weapon)
Armour
 k - a +1 cloak of poison resistance (worn)
 s - a +0 ring mail (worn)
Jewellery
 m - an uncursed ring of ice
 q - an amulet of guardian spirit (around neck)
Wands
 p - a wand of flame (31)
Scrolls
 b - a scroll of fog {unknown}
 e - a scroll of immolation {unknown}
 h - 5 scrolls of identify {unknown}
 j - a scroll of teleportation {unknown}
 l - a scroll of magic mapping {unknown}
 o - a scroll of enchant armour {unknown}
 r - a scroll of remove curse {unknown}
Potions
 f - a potion of haste {unknown}
 g - a potion of flight {unknown}
 i - a potion of lignification {unknown}
 n - 2 potions of agility {unknown}
Comestibles
 c - 2 rations
 d - 4 chunks of flesh


   Skills:
 + Level 3.9 Fighting
 + Level 4.1 Maces & Flails
 + Level 3.0 Dodging
 + Level 2.4 Stealth


You had 3 spell levels left.
You didn't know any spells.
Your spell library was empty.

Dungeon Overview and Level Annotations

Branches:
Dungeon (2/15)

Altars:

Annotations:
D:2 Crazy Yiuf


Innate Abilities, Weirdness & Mutations

You are resistant to torment.
Your stone body is resilient. (AC +3)
You are immune to poison.
You resist negative energy. (rN+)
You are resistant to electric shocks. (rElec)
You can survive without breathing.
You are immune to petrification.
You are immune to rotting.


Message History

You hit Crazy Yiuf.
Crazy Yiuf is severely wounded.
Crazy Yiuf hits you with a quarterstaff of chaos.
* * * LOW HITPOINT WARNING * * *
You hit Crazy Yiuf.
Crazy Yiuf is almost dead.
Crazy Yiuf laughs, "Hack agre cower!"
Crazy Yiuf hits you but does no damage.
You hit Crazy Yiuf but do no damage.
Crazy Yiuf is almost dead.
Crazy Yiuf closely misses you.
You barely miss Crazy Yiuf.
Crazy Yiuf is almost dead.
Crazy Yiuf hits you but does no damage.
You hit Crazy Yiuf.
Crazy Yiuf is almost dead.
Crazy Yiuf hits you with a quarterstaff of chaos!
* * * LOW HITPOINT WARNING * * *
Crazy Yiuf burns you.
You die...

######## #......#
#......#### ##♣♣♣♣♣
#..........
###...♣.♣♣♣ ####
#........##
##...PP.♣.)♣#...#
########...
#....P.♣♣♣♣)@g..#
#######...# #..#.P♣♣
♣♣#..)# #..........
#.###♣♣ ####
#####.#.#.. ####.##
#.##..#.### #.....#
#.#..##.### #.#####
###########........#.
#.#
.............##......
#.#
...(.......#........
#.#
##..##.....#.#......


You could see Crazy Yiuf.

Vanquished Creatures
  Terence (D:2)
  An adder (D:2)
  An ooze (D:2)
  2 dart slugs (D:1)
  A leopard gecko (D:2)
  3 giant cockroaches (D:1)
  9 goblins
  4 hobgoblins
  4 kobolds
  2 ball pythons
  7 bats
  4 frilled lizards
  4 rats
43 creatures vanquished.

Notes
Turn   | Place    | Note
-------+----------+-------------------------------------------
     0 | D:1      | dvd the Gargoyle Monk began the quest for the Orb.
     0 | D:1      | Reached XP level 1. HP: 14/14 MP: 1/1
   218 | D:1      | Reached XP level 2. HP: 19/19 MP: 2/2
   552 | D:1      | Reached XP level 3. HP: 22/24 MP: 3/3
  1075 | D:2      | Reached XP level 4. HP: 28/29 MP: 4/4
  1213 | D:2      | Noticed Terence
  1243 | D:2      | Killed Terence
  1243 | D:2      | Reached skill level 4 in Maces & Flails
  1301 | D:2      | Found a runed door.
  1305 | D:2      | Noticed Crazy Yiuf
  1327 | D:2      | HP: 1/29 [Crazy Yiuf/quarterstaff of chaos (7)]
  1327 | D:2      | Slain by Crazy Yiuf

Skill      XL: |  1  2  3  4 |
---------------+-------------+-----
Maces & Flails | 4 |  4.1
Dodging        | 3 |  3.0
Fighting       | |  3.9
Stealth        | |  2.4

Action                   |  1- 3 |  4- 6 || total
-------------------------+-------+-------++-------
Melee: Mace              |   118 |    55 ||   173
 Stab: Sleeping          |     2 |       ||     2
  Eat: Chunk             |     1 |     1 ||     2
Armor: Robe              |    63 |    15 ||    78
       Ring mail         |       |     7 ||     7
Dodge: Dodged            |   116 |    24 ||   140
